 Dungeon Crawl Stone Soup version 0.21.0-3-g78d12a8 (webtiles) character file.

27305 komo4ek the Severer (level 13, -3/117 HPs)
             Began as a Minotaur Fighter on Jan 10, 2018.
             Was a High Priest of Makhleb.
             Slain by a sixfirhy (10 damage)
             ... summoned by an orc high priest
             ... on level 2 of the Orcish Mines.
             The game lasted 00:39:26 (15065 turns).

komo4ek the Severer (Minotaur Fighter)             Turns: 15065, Time: 00:39:34

Health: -3/117     AC:  3    Str: 29    XL:     13   Next: 3%
Magic:  0/17       EV:  9    Int: 10    God:    Makhleb [*****.]
Gold:   1476       SH: 18    Dex:  8    Spells: 12/12 levels left

rFire    x . .     SeeInvis +   a - +0 war axe
rCold    + + .     Gourm    .   c - +0 shield
rNeg     . . .     Faith    .   t - +1 ice dragon scales of Fiovyid {rF- rC++ Str+3 Dex-2 SInv}
rPois    +         Spirit   +   j - +1 hat
rElec    .         Reflect  +   Q - scarf {Spirit}
rCorr    +         Harm     .   M - +0 pair of gloves
MR       .....                  J - +1 pair of boots
Stlth    ..........             x - +5 amulet of reflection
HPRegen  0.29/turn              P - ring of resist corrosion
MPRegen  0.15/turn              d - ring of poison resistance

@: brilliant, corroded, berserk cooldown, hasted and slowed
A: retaliatory headbutt, horns 2
a: Minor Destruction, Lesser Servant of Makhleb, Major Destruction, Greater
Servant of Makhleb, Renounce Religion


You were on level 2 of the Orcish Mines.
You worshipped Makhleb.
Makhleb was extremely pleased with you.
You were not hungry.

You visited 3 branches of the dungeon, and saw 15 of its levels.
You also visited: Sewer, Ossuary and Ice Cave.

You collected 1476 gold pieces.

Inventory:

Hand Weapons
 a - a +0 war axe (weapon)
 O - a +1 battleaxe
Armour
 b - a +0 scale mail
 c - a +0 shield (worn)
 j - a +1 hat (worn)
 t - the +1 ice dragon scales of Fiovyid (worn) {rF- rC++ Str+3 Dex-2 SInv}
   (You found it in an ice cave)

   It affects your strength (+3).
   It affects your dexterity (-2).
   It makes you vulnerable to fire.
   It greatly protects you from cold.
   It lets you see invisible.
 J - a +1 pair of boots (worn)
 M - a +0 pair of gloves (worn)
 Q - a scarf of spirit shield (worn)
Jewellery
 d - a ring of poison resistance (right hand)
 i - an uncursed ring of ice
 n - an uncursed amulet of faith
 r - an uncursed ring of magical power
 x - a +5 amulet of reflection (around neck)
 E - an uncursed ring of wizardry
 L - an uncursed ring of see invisible
 P - a ring of resist corrosion (left hand)
 T - an uncursed ring of teleportation
 X - an uncursed ring of positive energy {unknown}
Wands
 D - a wand of polymorph (21)
 H - a wand of acid (9)
 R - a wand of random effects (21)
Scrolls
 e - a scroll of fear {unknown}
 g - a scroll of fog {unknown}
 h - 5 scrolls of remove curse
 m - 3 scrolls of teleportation {unknown}
 o - 6 scrolls of magic mapping {unknown}
 p - 3 scrolls of enchant weapon {unknown}
 q - a scroll of random uselessness {unknown}
 s - 2 scrolls of enchant armour {unknown}
 y - 2 scrolls of torment {unknown}
 F - 2 scrolls of vulnerability {unknown}
 G - a scroll of immolation {unknown}
 I - 4 scrolls of amnesia {unknown}
 K - 2 scrolls of identify
 W - a scroll of brand weapon {unknown}
Potions
 l - 6 potions of mutation
 u - 4 potions of lignification
 v - a potion of berserk rage
 w - 4 potions of curing
 z - 3 potions of brilliance
 A - 2 potions of haste
 B - a potion of flight
 C - a potion of degeneration {unknown}
 S - a potion of ambrosia {unknown}
 U - a potion of cancellation {unknown}
 V - a potion of might
Miscellaneous
 N - a lightning rod (4/4)
Comestibles
 f - 7 rations


   Skills:
 + Level 11.7 Fighting
 * Level 15.4 Axes
 + Level 11.7 Armour
 + Level 11.7 Shields
 + Level 7.0 Invocations


You had 12 spell levels left.
You didn't know any spells.

Dungeon Overview and Level Annotations

Branches:
Dungeon (12/15)            Temple (1/1) D:7            Lair (0/6) D:11
    Orc (2/2) D:12
    Elf: Orc:2

Altars:
Ashenzari
Dithmenos
Elyvilon
Fedhas
Gozag
Makhleb
Okawaru
Qazlal
Ru
Sif Muna
Wu Jian
Xom
Yredelemnul
Zin
The Shining One
Beogh

Shops:
Orc:1 }   Orc:2 [


Innate Abilities, Weirdness & Mutations

You reflexively headbutt those who attack you in melee.
You have a pair of horns on your head.


Message History

You block the ufetubus's attack. x2
You feel your anger nearly subside. You block the ufetubus's attack. x2
You are no longer berserk.
You are exhausted.
You feel as though you will be slow longer.
You feel much better.
The orc high priest utters an invocation to Beogh.
Okay, then.
The ynoxinul disappears in a puff of smoke!
The ufetubus disappears in a puff of smoke! x2
You block the sixfirhy's attack.
You block the sixfirhy's attack. x2; The sixfirhy hits you!
* * * LOW HITPOINT WARNING * * *
The sixfirhy shocks you!
* * * LOW HITPOINT WARNING * * *
The sixfirhy hits you!
* * * LOW HITPOINT WARNING * * *
The sixfirhy shocks you!
You die...

...........#
...........#
...........#
...........#
...........#
............#
............#
............#
.........@.##
..........3.#
............#
........4oo.#
.......ยง....#
.........4..#
...........##
......)))...#
............#


You could see an orc high priest, a sixfirhy, 2 chaos spawn and an orc warrior.

Vanquished Creatures
  A stone giant (Orc:2)
  A deep elf annihilator (D:10)
  An ettin (Orc:1)
  4 two-headed ogres
  The ghost of Bubs the Blocker, a novice FoFi of Qazlal (D:9)
  4 ugly things
  2 cyclopes
  3 slime creatures (D:12)
  Joseph (D:10)
  3 ice statues (IceCv)
  Psyche (D:9)
  A gargoyle (D:12)
  A komodo dragon (D:12)
  2 kobold demonologists
  A queen bee (D:8)
  2 trolls
  A hornet (D:10)
  Prince Ribbit (D:7)
  A hippogriff (D:11)
  A meliai zombie (D:11)
  A wraith (D:10)
  4 wyverns
  10 yaks
  The ghost of CasualChangeling the Shield-Bearer, an amateur FoFi (D:5)
  2 hungry ghosts
  A basilisk (D:12)
  4 wargs
  Duvessa (D:5)
  14 orc warriors
  4 porcupines (D:11)
  6 sky beasts
  3 phantoms
  2 black bears
  15 ice beasts
  18 ogres
  8 centaurs
  4 crocodiles (D:11)
  4 bullfrogs
  4 big kobolds
  A wyvern zombie (D:10)
  2 scorpions
  Dowan (D:5)
  19 killer bees
  10 wights
  7 howler monkeys
  3 electric eels (D:8)
  3 crimson imps
  A quasit (D:10)
  2 bullfrog zombies
  2 bullfrog skeletons
  4 hounds
  3 jellies
  4 centaur skeletons
  11 orc priests
  17 orc wizards
  3 iguanas
  12 worker ants
  A killer bee zombie (D:5)
  2 big kobold zombies (Ossuary)
  A hound skeleton (D:7)
  2 mummies (Ossuary)
  A worker ant zombie (D:7)
  Robin (D:4)
  A gnoll (D:1)
  13 adders
  2 river rats (Sewer)
  3 shadow imps
  An ooze (D:6)
  6 adder zombies
  4 adder skeletons
  3 worms
  4 dart slugs
  9 leopard geckos
  87 orcs
  A ball python (D:2)
  14 bats
  10 giant cockroaches
  15 goblins
  12 hobgoblins
  14 jackals
  4 quokkas
  7 frilled lizards
  2 goblin zombies (Ossuary)
  10 hobgoblin zombies (Ossuary)
  A jackal zombie (Ossuary)
  19 kobolds
  11 kobold zombies (Ossuary)
  A leopard gecko zombie (D:5)
  4 orc zombies (Ossuary)
  A quokka skeleton (D:4)
  12 rats
  A rat zombie (Ossuary)
  A plant (D:11)
525 creatures vanquished.

Vanquished Creatures (others)
  An adder skeleton (D:6)
  2 plants (D:11)
3 creatures vanquished.

Grand Total: 528 creatures vanquished

Notes
Turn   | Place    | Note
-------+----------+-------------------------------------------
     0 | D:1      | komo4ek the Minotaur Fighter began the quest for the Orb.
     0 | D:1      | Reached XP level 1. HP: 19/19 MP: 0/0
    57 | D:1      | Reached XP level 2. HP: 22/27 MP: 1/1
   163 | D:1      | Reached skill level 3 in Axes
   307 | D:1      | Reached XP level 3. HP: 33/33 MP: 2/2
   884 | D:2      | Reached XP level 4. HP: 40/40 MP: 3/3
  1079 | D:2      | Reached skill level 4 in Axes
  1336 | D:3      | Found a shimmering altar of Xom.
  1534 | D:3      | Reached XP level 5. HP: 47/47 MP: 4/4
  2059 | D:3      | Reached skill level 5 in Axes
  2395 | D:4      | Noticed an ogre
  2405 | D:4      | Killed an ogre
  2405 | D:4      | Reached skill level 5 in Fighting
  2405 | D:4      | Reached skill level 5 in Shields
  2405 | D:4      | Reached XP level 6. HP: 30/56 MP: 5/5
  2578 | D:4      | Reached skill level 5 in Armour
  2623 | D:4      | Found a white marble altar of Elyvilon.
  2792 | D:4      | Reached skill level 6 in Axes
  2928 | D:4      | Reached XP level 7. HP: 57/61 MP: 6/6
  2958 | D:4      | Got a dazzling leather armour
  2977 | D:4      | Identified the cursed +0 leather armour of the Pit {Str+3} (You found it on level 4 of the Dungeon)
  2982 | D:4      | Noticed Robin
  2994 | D:4      | Killed Robin
  3387 | D:5      | Entered Level 5 of the Dungeon
  3504 | D:5      | Found a sand-covered staircase.
  3513 | Ossuary  | Entered an ossuary
  4116 | D:5      | Reached skill level 7 in Axes
  4282 | D:5      | Noticed CasualChangeling's ghost (amateur FoFi)
  4292 | D:5      | Killed CasualChangeling's ghost
  4317 | D:5      | Reached XP level 8. HP: 56/70 MP: 7/7
  4417 | D:5      | Noticed Duvessa
  4419 | D:5      | Noticed Dowan
  4432 | D:5      | Killed Dowan
  4434 | D:5      | Killed Duvessa
  4642 | D:5      | Reached skill level 8 in Axes
  5145 | D:6      | Reached skill level 9 in Axes
  5254 | D:6      | Reached XP level 9. HP: 78/79 MP: 8/8
  5395 | D:6      | Found a glowing drain.
  5411 | Sewer    | Entered a sewer
  5506 | Sewer    | Found a white marble altar of Elyvilon.
  6062 | D:7      | Reached skill level 10 in Axes
  6330 | D:7      | Noticed Prince Ribbit
  6370 | D:7      | Killed Prince Ribbit
  6573 | D:7      | Found a staircase to the Ecumenical Temple.
  6581 | Temple   | Entered the Ecumenical Temple
  6605 | Temple   | Became a worshipper of Makhleb the Destroyer
  7044 | D:8      | Reached skill level 1 in Invocations
  7224 | D:8      | Noticed a troll
  7234 | D:8      | Killed a troll
  7234 | D:8      | Reached * piety under Makhleb
  7234 | D:8      | Reached skill level 11 in Axes
  7234 | D:8      | Reached XP level 10. HP: 31/90 MP: 8/10
  9639 | D:9      | Noticed a two-headed ogre
  9646 | D:9      | Killed a two-headed ogre
  9656 | D:9      | Noticed Psyche
  9669 | D:9      | Killed Psyche
  9731 | D:9      | Noticed Bubs's ghost (novice FoFi)
  9908 | D:9      | Reached skill level 12 in Axes
 10044 | D:9      | Found a roughly hewn altar of Beogh.
 10120 | D:9      | Noticed a two-headed ogre
 10129 | D:9      | Killed a two-headed ogre
 10150 | D:9      | Noticed a two-headed ogre
 10157 | D:9      | Killed a two-headed ogre
 10157 | D:9      | Reached ** piety under Makhleb
 10157 | D:9      | Reached XP level 11. HP: 91/97 MP: 12/12
 10466 | D:9      | Killed Bubs's ghost
 10739 | D:10     | Entered Level 10 of the Dungeon
 10807 | D:10     | Noticed Joseph
 10814 | D:10     | Killed Joseph
 11331 | D:10     | Noticed a deep elf annihilator
 11343 | D:10     | Killed a deep elf annihilator
 11343 | D:10     | Reached skill level 10 in Fighting
 11343 | D:10     | Reached skill level 13 in Axes
 11343 | D:10     | Reached skill level 10 in Armour
 11343 | D:10     | Reached skill level 10 in Shields
 11581 | D:10     | Noticed a sun demon
 11659 | D:10     | Noticed a sun demon
 11738 | D:10     | Reached *** piety under Makhleb
 11806 | D:11     | Found a staircase to the Lair.
 11820 | D:11     | Reached skill level 5 in Invocations
 12121 | D:11     | Reached XP level 12. HP: 99/108 MP: 13/15
 12204 | D:11     | Reached skill level 14 in Axes
 12218 | D:11     | Reached **** piety under Makhleb
 12849 | D:12     | Found a frozen archway.
 12932 | IceCv    | Entered an ice cave
 13245 | IceCv    | Got bloodstained ice dragon scales
 13283 | IceCv    | Identified the cursed +1 ice dragon scales of Fiovyid {rF- rC++ Str+3 Dex-2 SInv} (You found it in an ice cave)
 13544 | D:12     | Reached ***** piety under Makhleb
 13596 | D:12     | Found a staircase to the Orcish Mines.
 13612 | D:12     | Noticed a two-headed ogre
 13620 | D:12     | Killed a two-headed ogre
 13693 | D:12     | Reached skill level 15 in Axes
 13901 | Orc:1    | Entered Level 1 of the Orcish Mines
 14122 | Orc:1    | Found Bupp's Gadget Shop.
 14206 | Orc:1    | Found a roughly hewn altar of Beogh.
 14207 | Orc:1    | Noticed an ettin
 14219 | Orc:1    | Killed an ettin
 14736 | Orc:2    | Entered Level 2 of the Orcish Mines
 14801 | Orc:2    | Found Poqo's Antique Armour Boutique.
 14895 | Orc:2    | Noticed a stone giant
 14902 | Orc:2    | Killed a stone giant
 14902 | Orc:2    | Reached XP level 13. HP: 117/117 MP: 17/17
 15065 | Orc:2    | Slain by a sixfirhy

Skill      XL: |  1  2  3  4  5  6  7  8  9 10 11 12 |
---------------+-------------------------------------+-----
Axes           | 3 4 5 6 7 9 11 12 13 15 | 15.4
Shields        | 4 5 6 7 8 9 10 11 | 11.7
Fighting       | 4 5 6 7 8 9 10 11 | 11.7
Armour         | 4 5 6 7 8 9 10 11 | 11.7
Invocations    | 1 3 5 7 |  7.0

Action                   |  1- 3 |  4- 6 |  7- 9 | 10-12 | 13-15 || total
-------------------------+-------+-------+-------+-------+-------++-------
Melee: War axe           |    88 |   147 |   413 |   935 |    31 ||  1614
       Headbutt          |     8 |    24 |    79 |   200 |    10 ||   321
Invok: Minor Destruction |       |       |       |    15 |       ||    15
Evoke: Wand              |       |       |       |     3 |       ||     3
  Use: Potion            |       |     1 |     5 |    11 |     6 ||    23
       Scroll            |       |       |     1 |     7 |       ||     8
 Stab: Invisible         |       |       |       |     7 |       ||     7
  Eat: Ration            |       |     2 |     5 |     8 |       ||    15
Armor: Scale mail        |    61 |    63 |    57 |   149 |       ||   330
       Leather armour    |       |       |    24 |       |       ||    24
       Ice dragon scales |       |       |       |    37 |    24 ||    61
Dodge: Dodged            |    30 |    44 |    93 |   165 |    25 ||   357
Block: Shield            |    65 |    72 |   266 |   627 |    66 ||  1096
       Reflection        |       |       |     6 |    31 |       ||    37
